 Dungeon Crawl Stone Soup version 0.30-a0-939-gc8157cb160 (webtiles) character file.

Game seed: 8393401500265141843

77 Jeffwins the Magician (level 4, 0/30 HPs)
             Began as a Human Wanderer on Mar 26, 2023.
             Slain by a gnoll
             ... wielding a +0 spear
              (2 damage)
             ... on level 2 of the Dungeon.
             The game lasted 00:02:22 (1704 turns).

Jeffwins the Magician (Human Wanderer)              Turns: 1704, Time: 00:02:23

Health: 0/30       AC:  6    Str: 19    XL:     4   Next: 58%
Magic:  11/11      EV: 10    Int: 11    God:
Gold:   149        SH:  0    Dex: 15    Spells: 13/13 levels left

rFire   . . .      SeeInvis .    a - +2 whip (holy)
rCold   . . .      Faith    .    (no shield)
rNeg    . . .      Spirit   .    b - +0 ring mail
rPois   .          Reflect  .    (no helmet)
rElec   .          Rampage  .    i - +0 cloak
rCorr   .                        (no gloves)
Will    .....                    (no boots)
Stlth   +                        (no amulet)
HPRegen 0.25/turn                X - +6 ring of dexterity
MPRegen 0.12/turn                (no ring)

@: no status effects
A: no striking features
a: no special abilities


You were on level 2 of the Dungeon.
You visited 1 branch of the dungeon, and saw 2 of its levels.

You collected 149 gold pieces.


   Skills:
 * Level 4.0 Maces & Flails
 - Level 2.0 Armour
 - Level 1.0 Stealth
 - Level 5.0 Spellcasting


You had 13 spell levels left.
You didn't know any spells.
Your spell library contained the following spells:

 Spells                   Type           Power      Damage    Failure   Level
 Beastly Appendage        Tmut           4%         N/A       36%         1
 Freeze                   Ice            8%         1d3       36%         1
 Kiss of Death            Conj/Necr      8%         2d6       36%         1
 Tukima's Dance           Hex            2%         N/A       73%         3

Inventory:

Hand Weapons
 a - a +2 whip of holy wrath (weapon)
 h - a +0 sling
Armour
 b - a +0 ring mail (worn)
 i - a +0 cloak (worn)
Jewellery
 X - a +6 ring of dexterity (left hand)
Scrolls
 c - a scroll of teleportation {@r4}
 e - a scroll of fear {unknown}
 g - 2 scrolls of identify {unknown}
 k - a scroll of enchant armour {unknown}
Potions
 d - 2 potions of curing {unknown}
 f - a potion of mutation {unknown}
 j - a potion of berserk rage {unknown}

Dungeon Overview and Level Annotations

Branches:
Dungeon (2/15)

Altars:

## #.........#......#...#
...####.........#......#...#
...#........)...#.............
.........).....g#......#. ....
.......####...........## ....
.......####.........#.# .....
...#.....##....##...#.###.....
..........................>...
.#..............@g..##........
.#...............<............
.#..........###............####.
......#.....# ####..............
......#.....### #.........##.###
......#.....##.###..............#
...####g.####.▓.##...............
...# #..####.▓.▓.#####...........
######..###.▓.#.▓.## #...........


You could see a gnoll.


Message History

The gnoll is lightly wounded.
The gnoll hits you with a +0 halberd.
* * * LOW HITPOINT WARNING * * *
The gnoll hits you with a +0 spear.
* * * LOW HITPOINT WARNING * * *
Unknown command.
You hit the gnoll.
The gnoll is heavily wounded.
The gnoll hits you with a +0 spear.
* * * LOW HITPOINT WARNING * * *
The gnoll barely misses you.
Unknown command.
You hit the gnoll.
The gnoll is severely wounded.
The gnoll misses you. The gnoll hits you with a +0 spear.
* * * LOW HITPOINT WARNING * * *
Unknown command.
You hit the gnoll.
You kill the gnoll!
The gnoll hits you but does no damage.
Your Maces & Flails skill increases to level 4!
Unknown command.
The gnoll hits you with a +0 spear.
* * * LOW HITPOINT WARNING * * *
You see here a +0 halberd.
You hit the gnoll but do no damage. The gnoll barely misses you.
You closely miss the gnoll. You completely miss the gnoll.
The gnoll hits you but does no damage.
You barely miss the gnoll. The gnoll hits you with a +0 spear.
You die...

Skill      XL: |  1  2  3  4 |
---------------+-------------+-----
Maces & Flails | 2 3 4 |  4.0
Armour         | |  2.0
Stealth        | |  1.0
Spellcasting   | |  5.0

Action                     |  1- 3 |  4- 6 || total
---------------------------+-------+-------++-------
  Melee: Whip              |    94 |    40 ||   134
         Mace              |     3 |       ||     3
         Punch             |       |     1 ||     1
 Armour: Ring mail         |    45 |    25 ||    70
  Dodge: Dodged            |    46 |    34 ||    80

Levels and vault maps discovered:
D:1:      heliophobic_arrival_glass_houses, layout_loops_ring,
          hellmonk_ecumenical_altar_heavens_door, dreamdust_wishing_well
D:2:      minmay_inner_zag, layout_basic, minmay_quadrilaterals

Notes
Turn   | Place    | Note
-------+----------+-------------------------------------------
     0 | D:1      | Jeffwins the Human Wanderer began the quest for the Orb.
     0 | D:1      | Jeffwins set off with the following items: a +0 mace, a +0
                  | ring mail, a scroll of teleportation {@r4}; and the
                  | following spells available to memorise: Beastly Appendage,
                  | Freeze, Kiss of Death, Tukima's Dance.
     0 | D:1      | Reached XP level 1. HP: 13/13 MP: 6/6
   207 | D:1      | Reached XP level 2. HP: 18/19 MP: 8/8
   211 | D:1      | Reached skill level 2 in Maces & Flails
   576 | D:1      | Found a faded altar of an unknown god.
   930 | D:2      | Reached XP level 3. HP: 16/24 MP: 9/9
   995 | D:2      | Reached skill level 3 in Maces & Flails
  1285 | D:2      | Reached XP level 4. HP: 30/30 MP: 11/11
  1697 | D:2      | HP: 3/30 [gnoll/+0 spear (4)]
  1700 | D:2      | Reached skill level 4 in Maces & Flails
  1700 | D:2      | HP: 1/30 [gnoll/+0 spear (1)]
  1704 | D:2      | Slain by a gnoll

Vanquished Creatures
  A gnoll (D:2)
  An adder (D:2)
  2 worms (D:2)
  2 dart slugs (D:2)
  4 endoplasms
  2 giant cockroaches (D:2)
  6 goblins
  6 hobgoblins
  2 kobolds (D:2)
  3 quokkas
  4 ball pythons
  6 bats
  2 frilled lizards (D:2)
  2 rats (D:2)
43 creatures vanquished.

Table legend: (Time is in decaauts)
 A = Elapsed time spent in this place.
 B = Non-inter-level travel time spent in this place.
 C = Inter-level travel time spent in this place.
 D = Time resting spent in this place.
 E = Time spent auto-exploring this place.
 F = Levels seen in this place.
 G = Mean time per level.
                   A        B        C        D        E       F      G
               +--------+--------+--------+--------+--------+-----+--------+
         Total |   1697 |   1630 |     67 |     56 |   1149 |   2 |  848.5 |
       Dungeon |   1697 |   1630 |     67 |     56 |   1149 |   2 |  848.5 |
               +--------+--------+--------+--------+--------+-----+--------+

Top non-repeatable levels by time:
     D:1: 906 daAuts
     D:2: 790 daAuts

Table legend:
 A = Non-vault XP
 B = Vault XP
 C = Vault XP percentage of total XP
 D = Non-vault monster count
 E = Vault monster count
 F = Vault count percentage of total count
                 A         B        C        D         E       F
            +---------+---------+-------+---------+---------+-------
      Total |      79 |      31 |  28.2 |      29 |      14 |  32.6
            +---------+---------+-------+---------+---------+-------
        D:1 |      22 |       0 |   0.0 |      12 |       0 |   0.0
        D:2 |      57 |      31 |  35.2 |      17 |      14 |  45.2
            +---------+---------+-------+---------+---------+-------
